 Dungeon Crawl Stone Soup version 0.28.0-47-ge53b351184 (webtiles) character file.

Game seed: 8490809258189906942

9 Darmstadium the Grave Robber (level 2, -9/20 HPs)
             Began as a Human Necromancer on May 3, 2022.
             Was a Follower of Makhleb.
             Mangled by a gnoll
             ... wielding a +2 flail of protection
              (15 damage)
             ... on level 1 of the Dungeon.
             The game lasted 00:07:24 (425 turns).

Darmstadium the Grave Robber (Human Necromancer)     Turns: 425, Time: 00:07:24

Health: -9/20      AC:  3    Str:  8    XL:     2   Next: 25%
Magic:  5/5        EV: 11    Int: 15    God:    Makhleb [*.....]
Gold:   29         SH:  0    Dex: 13    Spells: 4/5 levels left

rFire   . . .      SeeInvis .   b - staff of earth
rCold   . . .      Faith    .   (no shield)
rNeg    . . .      Spirit   .   e - +0 leather armour
rPois   .          Reflect  .   (no helmet)
rElec   .          Harm     .   (no cloak)
rCorr   .          Rampage  .   (no gloves)
Will    .....                   (no boots)
Stlth   ++........              (no amulet)
HPRegen 0.06/turn               (no ring)
MPRegen 0.09/turn               (no ring)

@: no status effects
A: no striking features
a: Renounce Religion


You were on level 1 of the Dungeon.
You worshipped Makhleb.
Makhleb was aware of your devotion.
You visited 1 branch of the dungeon, and saw 1 of its levels.

You collected 29 gold pieces.

Inventory:

Missiles
 d - 5 sling bullets
Armour
 a - a +0 robe
 e - a +0 leather armour (worn)
Magical Staves
 b - a staff of earth (weapon)
Scrolls
 c - a scroll of identify {unknown}


   Skills:
 + Level 0.4 Fighting
 + Level 2.0 Dodging
 + Level 2.0 Stealth
 + Level 2.0 Spellcasting
 + Level 4.3 Necromancy


You had 4 spell levels left.
You knew the following spells:

 Your Spells              Type           Power      Damage    Failure   Level
a - Pain                  Necr           56%        1d6       5%          1

Your spell library contained the following spells:

 Spells                   Type           Power      Damage    Failure   Level
 Animate Skeleton         Necr           28%        N/A       5%          1
 Vampiric Draining        Necr           14%        2d7       16%         3
 Animate Dead             Necr           7%         N/A       47%         4
 Agony                    Necr           14%        N/A       83%         5


Dungeon Overview and Level Annotations

Branches:
Dungeon (1/15)

Altars:
Makhleb


Message History

The quokka is almost dead.
The quokka barely misses you.
You hit the quokka but do no damage.
The quokka is almost dead.
The quokka barely misses you. The quokka bites you.
* * * LOW HITPOINT WARNING * * *
You completely miss the quokka.
The quokka is almost dead.
The quokka bites you but does no damage.
You hit the quokka.
You kill the quokka!
Makhleb accepts your kill.
You feel better.
You see here a quokka corpse.
Found a scroll labelled PADOPU ECOVINK.
Found an escape hatch in the floor.
c - a scroll labelled PADOPU ECOVINK
There is an escape hatch in the floor here.
An endoplasm comes into view.
Found 5 gold pieces.
A hobgoblin comes into view.
You see here 5 gold pieces.
Casting: Pain (safe; 5% risk of failure)
Confirm with . or Enter, or press ? or * to list all spells.
Aiming: Pain (safe; 5% risk of failure)
Press: ? - help, Shift-Dir - straight line The hobgoblin writhes in agony.
You kill the hobgoblin!
Makhleb accepts your kill.
Found a scale mail.
A gnoll comes into view.
It is wielding a +2 flail of protection.
The gnoll shouts!
The gnoll hits you with a +2 flail of protection.
* * * LOW HITPOINT WARNING * * *
You hit the gnoll but do no damage. The gnoll misses you.
The gnoll completely misses you.
You completely miss the gnoll. The gnoll barely misses you.
You hit the gnoll but do no damage.
The gnoll hits you with a +2 flail of protection!
Ouch! That really hurt!
You die...

#.# ##.## #######
######...###......
#................#
#.####...###.#####
#.# ##.## #.# #.#
#.####.##
#.#####.#####.......#
#.....g@.......###..#
#######..####### #..#
..[.... #..#
#.##.....# # ##.##.#
#.# .# #.# # #.#


You could see a gnoll.

Vanquished Creatures
  An endoplasm (D:1)
  2 giant cockroaches (D:1)
  A goblin (D:1)
  A hobgoblin (D:1)
  A quokka (D:1)
  2 bats (D:1)
8 creatures vanquished.

Notes
Turn   | Place    | Note
-------+----------+-------------------------------------------
     0 | D:1      | Darmstadium the Human Necromancer began the quest for the
                  | Orb.
     0 | D:1      | Reached XP level 1. HP: 13/13 MP: 3/3
   184 | D:1      | Found a faded altar of an unknown god.
   200 | D:1      | Prayed at the altar of an unknown god.
   200 | D:1      | Became a worshipper of Makhleb the Destroyer
   200 | D:1      | Reached * piety under Makhleb
   321 | D:1      | Reached XP level 2. HP: 10/20 MP: 5/5
   425 | D:1      | Mangled by a gnoll

Illustrated notes

Levels and vault maps discovered:
D:1:      mrwooster_arrival_statue_2, layout_loops_ring,
          shapermc_ecumenical_altar_mp_vishouse

Action                   || total
-------------------------++-------
Melee: Unarmed           ||    19
       Staff             ||    30
       Punch             ||     2
 Cast: Pain              ||    10
  Use: Scroll            ||     1
       Potion            ||     1
Armor: Robe              ||     7
       Leather armour    ||     7
Dodge: Dodged            ||    42
